Map: Bridgehead LE (Void)

Players

SticklerMac - Winner!

  • Race: Zerg Zerg
  • League: Bronze

StrongeR

  • Race: Terran Terran
  • League: Silver

VOD

Have the link to the VOD?

Description

Time

  • Played on: July 18, 2015, 11:20 p.m.
  • Length: 7:09
Show
View Real Time Build Order
Export as new Build Order

SticklerMac Zerg - Winner!

Build Orders: 3 Hatch before Pool 

Get SALT Encoding   

  12  0:01  Drone  
  13  0:09  Drone  
  14  0:34  Hatchery  
  13  0:38  Drone  
  14  1:04  Hatchery  
  14  1:06  Drone  
  14  1:14  Overlord  
  14  1:34  Drone  
  14  1:35  Spawning Pool  
  15  1:40  Drone  
  15  1:41  Drone  
  16  1:47  Drone  
  16  1:50  Drone  
  18  1:59  Drone x2  
  20  2:07  Drone  
  20  2:08  Drone  
  22  2:18  Drone x3  
  25  2:27  Drone  
  25  2:28  Drone  
  27  2:32  Drone, Extractor  
  27  2:38  Queen  
  27  2:39  Queen  
  27  2:42  Drone  
  27  2:43  Drone  
  33  2:45  Drone  
  34  2:57  Overlord  
  34  2:59  Overlord  
  34  3:03  Overlord  
  34  3:07  Overlord  
  34  3:11  Overlord  
  34  3:15  Queen  
  36  3:28  Zergling x2  
  36  3:29  Zergling x12  
  43  3:35  Metabolic Boost  
  43  3:39  Zergling x4  
  43  3:40  Drone  
  46  3:43  Drone x2  
  48  3:52  Drone  
  49  3:57  Zergling x4  
  51  4:03  Drone  
  51  4:04  Baneling Nest, Drone x2  
  53  4:11  Drone, Queen  
  53  4:14  Hatchery, Zergling x2  
  53  4:15  Zergling x2  
  57  4:23  Zergling x2  
  58  4:29  Zergling x2  
  58  4:30  Zergling x12  
  58  4:31  Zergling x4  
  67  4:34  Zergling x4  
  67  4:38  Zergling x4  
  70  4:39  Zergling x2  
  70  4:43  Zergling x4  
  74  4:50  Lair  
  74  4:54  Overlord x2  
  74  4:56  Overlord  
  74  5:05  Overlord x2  
  74  5:12  Zergling x6  
  74  5:13  Zergling x6  
  80  5:15  Zergling x2  
  81  5:23  Baneling x5  
  81  5:24  Baneling  
  81  5:26  Zergling x8  
  81  5:27  Zergling x2  
  86  5:31  Zergling x4  
  86  5:32  Zergling x2  
  86  5:34  Zergling x2  
  90  5:37  Zergling x2  
  90  5:39  Baneling  
  91  5:43  Baneling  
  91  5:44  Zergling x6  
  89  6:14  Zergling x14  
  89  6:15  Zergling x8  
  97  6:18  Zergling x2  
  97  6:19  Zergling x8  
  97  6:21  Zergling x2  
  97  6:22  Zergling x14  
  105  6:29  Zergling x8  
  105  6:30  Zergling x4  
  110  6:32  Zergling x2  
  110  6:34  Zergling x2  
  110  6:38  Zergling x2  
  102  6:40  Zergling x2  
  102  6:41  Zergling x2  
Show
View Real Time Build Order
Export as new Build Order

StrongeR Terran 

Build Orders: MMM Bio 

Get SALT Encoding   

  12  0:01  SCV  
  13  0:13  SCV  
  14  0:19  Supply Depot  
  14  0:25  SCV  
  15  0:41  SCV  
  16  0:43  Barracks  
  16  0:53  SCV  
  17  1:05  SCV  
  18  1:17  SCV  
  19  1:18  Command Center  
  19  1:29  SCV, Refinery  
  20  1:33  Marine  
  21  1:40  Supply Depot  
  21  1:41  SCV  
  22  1:54  SCV  
  23  1:56  Barracks  
  23  2:01  Marine  
  23  2:06  SCV  
  25  2:12  Barracks  
  25  2:18  SCV  
  26  2:30  Barracks Tech Lab, Orbital Command  
  26  2:36  Orbital Command  
  26  2:44  Barracks Reactor  
  26  2:50  Refinery  
  26  2:58  SCV  
  27  3:08  Stimpack, Marine  
  27  3:09  Marine  
  27  3:10  SCV  
  30  3:16  SCV  
  31  3:20  Refinery  
  31  3:22  SCV  
  31  3:26  Marine  
  33  3:28  SCV  
  33  3:30  Marine x2  
  33  3:31  Factory  
  33  3:32  Marauder  
  38  3:34  SCV  
  38  3:40  SCV  
  40  3:46  SCV  
  41  3:53  SCV  
  42  3:55  Supply Depot  
  42  3:58  SCV  
  43  4:03  Supply Depot  
  43  4:05  SCV  
  43  4:09  Command Center  
  44  4:10  Barracks Tech Lab  
  44  4:13  SCV  
  46  4:17  SCV  
  46  4:18  Starport  
  46  4:20  Factory Reactor  
  46  4:27  SCV  
  46  4:29  SCV  
  50  4:31  Marauder  
  50  4:33  Marauder  
  50  4:34  Combat Shields  
  50  4:35  Marine  
  50  4:37  Marine  
  54  4:41  SCV  
  54  4:44  Refinery  
  55  4:53  SCV, Engineering Bay  
  55  4:54  Engineering Bay  
  56  5:03  Supply Depot  
  56  5:07  Medivac  
  56  5:09  Viking  
  60  5:18  Supply Depot x2  
  60  5:24  Widow Mine  
  62  5:35  Supply Depot  
  62  5:37  Supply Depot  
  62  5:38  Supply Depot  
  62  5:39  Supply Depot x2  
  62  5:40  Supply Depot  
  62  5:47  Supply Depot  
  62  5:53  Widow Mine  
  64  5:58  Marauder  
  66  6:04  Marine x2  
  66  6:05  Marine  
  54  6:32  Marine x3  
  33  6:50  Supply Depot, Marine x3  
Tags
 
Add a new tag
Caveats
  • Supply blocks, unpowered buildings, or Contaminate may cause inaccurate times.
  • Supply counts are checked every 10 seconds.